 Dungeon Crawl Stone Soup version 0.31-a0-486-g8d68a81214 (webtiles) character file.

Game seed: 7992606039562861327

708 MisterAzrael the Conjurer (level 7, -2/36 HPs)
             Began as a Deep Elf Conjurer on Aug 7, 2023.
             Was a Follower of Vehumet.
             Slain by a water moccasin (3 damage)
             ... in a sewer.
             The game lasted 00:06:56 (4947 turns).

MisterAzrael the Conjurer (Deep Elf Conjurer)       Turns: 4947, Time: 00:06:57

Health: -2/36      AC:  2    Str:  4    XL:     7   Next: 40%
Magic:  26/26      EV: 12    Int: 25    God:    Vehumet [*.....]
Gold:   227        SH:  0    Dex: 13    Spells: 6/17 levels left

rFire   . . .        k - +5 short sword of the Dull God {venom, Fly MP+9}
rCold   . . .        (no shield)
rNeg    . . .        a - +0 robe
rPois   .            (no helmet)
rElec   .            (no cloak)
rCorr   .            (no gloves)
SInv    .            (no boots)
Will    .....        (no amulet)
Stlth   +            (no ring)
HPRegen 0.26/turn    (no ring)
MPRegen 0.20/turn

%: no passive effects
@: confused, lethally poisoned (-2 -> -25), ambrosia-drunk, flying
A: no striking features
a: Renounce Religion


You were in a sewer.
You worshipped Vehumet.
Vehumet was aware of your devotion.
You visited 2 branches of the dungeon, and saw 6 of its levels.
You also visited: Sewer.

You collected 227 gold pieces.

Inventory:

Hand Weapons
 k - the +5 short sword of the Dull God (weapon) {venom, Fly MP+9}
   (You found it on level 2 of the Dungeon)

   MP:        It affects your magic capacity (+9).
   Fly:       It grants you flight.
Missiles
 l - a throwing net
Armour
 a - a +0 robe (worn)
Talismans
 d - a storm talisman
Wands
 x - a wand of charming (11)
Scrolls
 c - a scroll of fear {unknown}
 e - a scroll of enchant armour {unknown}
 g - 3 scrolls of identify {unknown}
 h - a scroll of torment {unknown}
 i - 2 scrolls of fog {unknown}
 j - a scroll of blinking {unknown}
 m - a scroll of noise {unknown}
 o - 4 scrolls of silence {unknown}
 p - a scroll of vulnerability {unknown}
 s - a scroll of poison {unknown}
 t - 2 scrolls of immolation {unknown}
 u - a scroll of enchant weapon {unknown}
 v - a scroll of brand weapon {unknown}
 w - a scroll of summoning {unknown}
Potions
 b - a potion of magic
 q - a potion of curing {unknown}
 r - a potion of mutation {unknown}
 z - a potion of haste


   Skills:
 + Level 2.3 Short Blades
 - Level 2.4 Dodging
 - Level 2.4 Stealth
 + Level 5.5 Spellcasting
 * Level 7.1 Conjurations
 * Level 5.6 Hexes


You had 6 spell levels left.
You knew the following spells:

 Your Spells              Type           Power      Damage    Failure   Level
a - Magic Dart            Conj           100%       1d8       1%          1
b - Searing Ray           Conj           84%        2d7       1%          2
c - Dazzling Flash        Conj/Hex       76%        N/A       1%          3
d - Fulminant Prism       Conj/Hex       19%        3d10      5%          4
e - Foxfire               Conj/Fire      96%        2x1d8     1%          1

Your spell library contained the following spells:

 Spells                   Type           Power      Damage    Failure   Level
 Stone Arrow              Conj/Erth      48%        3d10      5%          3
 Sandblast                Erth           12%        2d6       8%          1
 Cigotuvi's Dreadful Rot  Necr/Pois/Air  12%        N/A       12%         2
 Passwall                 Tmut/Erth      5%         N/A       12%         2
 Iskenderun's Mystic Bla  Conj/Tloc      24%        2d7       19%         4
 Ignite Poison            Fire/Tmut/Pois 6%         N/A       24%         3
 Freezing Cloud           Conj/Ice/Air   9%         6-21      63%         5


Dungeon Overview and Level Annotations

Branches:
Dungeon (5/15)             Temple (1/1) D:4           Sewer (1/1)

Altars:
Cheibriados
Dithmenos
Elyvilon
Fedhas
Gozag
Kikubaaqudgha
Makhleb
Nemelex Xobeh
Okawaru
Qazlal
Sif Muna
Trog
Uskayaw
Vehumet
Wu Jian
Xom
Yredelemnul
Zin
The Shining One

Shops:
D:4 :


Message History

You feel sick. The water moccasin bites you!
You are lethally poisoned!
The water moccasin poisons you!
The water moccasin attacks as you move away!
The water moccasin bites you but does no damage.
You feel very sick. The water moccasin bites you!
* * * LOW HITPOINT WARNING * * *
You are more poisoned.
The water moccasin poisons you!
It was a potion of heal wounds.
You feel much better.
You feel extremely sick. The water moccasin barely misses you.
You feel much better.
You feel extremely sick. The water moccasin closely misses you.
You closely miss the water moccasin.
You feel very sick. The water moccasin barely misses you.
The water moccasin bites you.
You barely miss the water moccasin.
You feel very sick. The water moccasin bites you.
Casting: Foxfire (safe; 1% risk of failure)
Confirm with . or Enter, or press ? or * to list all spells.
Casting: Dazzling Flash (safe; 1% risk of failure)
Press: ? - help, Dir - look around, f - activate The water moccasin is dazzled.
* * * LOW HITPOINT WARNING * * *
You feel very sick. The water moccasin bites you!
* * * LOW HITPOINT WARNING * * *
You are more poisoned.
The water moccasin poisons you!
It was a potion of ambrosia.
You are confused.
You feel invigorated.
* * * LOW HITPOINT WARNING * * *
You feel extremely sick. The water moccasin bites you.
You die...

#..$?$..#
#.......#
#.......# .......
..... ... #######
#.# ##....†## #S#
#...≈...## #@#
..†≈≈≈...#######.#
∩.≈≈≈≈≈..........#
...≈≈≈...#######.#
#...≈...## #.#
##.....## #.#
####### #.# #.#
#.#


You could see a water moccasin (blind).

Vanquished Creatures
  Blork the orc (D:4)
  3 scorpions
  A howler monkey (D:4)
  2 hounds (D:4)
  2 orc wizards (D:4)
  Ijyb (D:4)
  2 iguanas
  Robin (D:4)
  5 gnolls (D:2)
  6 adders
  2 river rats (D:5)
  3 worms
  2 dart slugs
  6 orcs
  6 endoplasms
  3 giant cockroaches
  13 goblins
  7 hobgoblins
  8 jackals
  5 kobolds
  3 quokkas
  7 ball pythons
  10 bats
  8 frilled lizards
  5 rats
112 creatures vanquished.

Vanquished Creatures (others)
  2 fulminant prisms
2 creatures vanquished.

Grand Total: 114 creatures vanquished

Notes
Turn   | Place    | Note
-------+----------+-------------------------------------------
     0 | D:1      | MisterAzrael the Deep Elf Conjurer began the quest for the
                  | Orb.
     0 | D:1      | Reached XP level 1. HP: 10/10 MP: 6/6
   113 | D:1      | Reached XP level 2. HP: 14/15 MP: 1/8
   183 | D:1      | Learned a level 2 spell: Searing Ray
   502 | D:1      | Reached skill level 5 in Conjurations
   811 | D:2      | Reached XP level 3. HP: 19/19 MP: 7/10
   830 | D:2      | Learned a level 3 spell: Dazzling Flash
  1072 | D:2      | Identified the +5 short sword of the Dull God {venom, Fly
                  | MP+9}
  1252 | D:2      | Reached skill level 1 in Hexes
  1280 | D:2      | Reached XP level 4. HP: 15/24 MP: 7/12
  1584 | D:2      | Identified the +7 dagger of a bailey {elec, Str+5}
  2308 | D:3      | Reached XP level 5. HP: 28/28 MP: 13/13
  2314 | D:3      | Learned a level 4 spell: Fulminant Prism
  2723 | D:4      | Found a staircase to the Ecumenical Temple.
  2746 | Temple   | Entered the Ecumenical Temple
  2753 | Temple   | Became a worshipper of Vehumet
  2879 | D:4      | Reached skill level 6 in Conjurations
  2928 | D:4      | Reached skill level 1 in Short Blades
  2972 | D:4      | Reached XP level 6. HP: 22/32 MP: 15/15
  3037 | D:4      | Found Fauxelon's Book Shoppe.
  3712 | D:4      | Reached skill level 5 in Spellcasting
  3723 | D:4      | Noticed Blork the orc
  3730 | D:4      | Killed Blork the orc
  4054 | D:4      | Noticed Ijyb
  4081 | D:4      | Killed Ijyb
  4416 | D:4      | Noticed Robin
  4421 | D:4      | Killed Robin
  4425 | D:4      | Reached skill level 5 in Hexes
  4425 | D:4      | Reached XP level 7. HP: 29/36 MP: 16/16
  4569 | D:5      | Entered Level 5 of the Dungeon
  4579 | D:5      | Noticed a gargoyle
  4598 | D:5      | Reached skill level 7 in Conjurations
  4888 | D:5      | Found a glowing drain.
  4903 | Sewer    | Entered a sewer
  4914 | Sewer    | Reached * piety under Vehumet
  4914 | Sewer    | Offered knowledge of Foxfire by Vehumet.
  4921 | Sewer    | Learned a level 1 spell: Foxfire
  4947 | Sewer    | HP: 1/36 [poisoned by a water moccasin]
  4947 | Sewer    | Slain by a water moccasin

Illustrated notes

Levels and vault maps discovered:
D:1:      reono_arrival_mine, layout_basic
D:2:      layout_basic, cheibrodos_gnoll_hut
D:3:      layout_rooms
D:4:      layout_basic, minmay_temple_entry_waves, serial_bayou_ford_a,
          kennysheep_pointless_box, nicolae_inconvenience_store,
          uniq_blork_the_orc, uniq_ijyb, uniq_robin
D:5:      layout_cave_pods, gup_sewer_entry_bubbles, uniq_duvessa
Temple:   compressed_dpeg_triangle_lava_temple
Sewer:    sewer_big_baddie

Skill      XL: |  1  2  3  4  5  6  7 |
---------------+----------------------+-----
Conjurations   | 5 6 7 |  7.1
Spellcasting   | 4 5 |  5.5
Hexes          | 1 2 3 5 |  5.6
Short Blades   | 1 2 |  2.3
Dodging        | |  2.4
Stealth        | |  2.4

Action                     |  1- 3 |  4- 6 |  7- 9 || total
---------------------------+-------+-------+-------++-------
  Melee: Short sword       |     4 |    27 |    29 ||    60
   Cast: Magic Dart        |    63 |   102 |     1 ||   166
         Dazzling Flash    |     1 |     3 |     1 ||     5
         Searing Ray       |       |    10 |     5 ||    15
         Fulminant Prism   |       |     1 |     1 ||     2
    Use: Potion            |       |       |     3 ||     3
   Stab: Invisible         |       |     1 |       ||     1
         Sleeping          |       |       |     2 ||     2
 Armour: Robe              |       |     7 |     5 ||    12
  Dodge: Dodged            |     6 |    28 |    20 ||    54

Table legend: (Time is in decaauts)
 A = Elapsed time spent in this place.
 B = Non-inter-level travel time spent in this place.
 C = Inter-level travel time spent in this place.
 D = Time resting spent in this place.
 E = Time spent auto-exploring this place.
 F = Levels seen in this place.
 G = Mean time per level.
                   A        B        C        D        E       F      G
               +--------+--------+--------+--------+--------+-----+--------+
         Total |   4942 |   4834 |    108 |    559 |   3641 |   7 |  706.0 |
       Dungeon |   4885 |   4777 |    108 |    559 |   3630 |   5 |  977.0 |
        Temple |     14 |     14 |      0 |      0 |      0 |   1 |   14.0 |
         Sewer |     41 |     41 |      0 |      0 |     11 |   1 |   41.0 |
               +--------+--------+--------+--------+--------+-----+--------+

Top non-repeatable levels by time:
     D:4: 1925 daAuts
     D:2: 1245 daAuts
     D:1: 801 daAuts
     D:3: 663 daAuts
     D:5: 249 daAuts
   Sewer: 41 daAuts
  Temple: 14 daAuts
